Map: Tours du crépuscule

Players

kasi - Winner!

  • Race: Zerg Zerg
  • League: Silver
  • Spawn Location: 7:00

zidar

  • Race: Zerg Zerg
  • League: Gold
  • Spawn Location: 1:00

VOD

Have the link to the VOD?

Description

Time

  • Played on: June 18, 2016, 4:10 p.m.
  • Length: 21:32
Show
View Real Time Build Order
Export as new Build Order

kasi Zerg - Winner!

Build Orders: Hatch First, Zergling Baneling 

Get SALT Encoding   

  12  0:01  Drone  
  13  0:13  Drone  
  14  0:17  Overlord  
  14  0:23  Extractor  
  14  0:24  Drone  
  15  0:35  Drone  
  15  0:36  Drone  
  17  0:58  Drone  
  17  1:00  Hatchery  
  17  1:05  Extractor  
  16  1:15  Drone  
  16  1:16  Spawning Pool  
  16  1:19  Drone  
  16  1:24  Drone  
  18  1:30  Drone  
  19  1:43  Drone  
  20  1:51  Drone  
  21  2:00  Overlord  
  21  2:07  Extractor  
  20  2:11  Queen, Metabolic Boost  
  20  2:12  Queen  
  24  2:18  Drone  
  25  2:29  Drone x3  
  28  2:35  Zergling x4  
  30  2:49  Overlord  
  30  2:50  Drone  
  31  3:00  Zergling x4  
  31  3:02  Pneumatized Carapace  
  33  3:07  Evolution Chamber  
  32  3:17  Baneling Nest, Drone x4  
  35  3:30  Overlord, Drone  
  35  3:31  Overlord x2  
  36  3:41  Overlord  
  36  3:48  Queen  
  38  4:10  Baneling x5  
  38  4:11  Baneling x2  
  38  4:13  Baneling  
  38  4:14  Drone  
  38  4:15  Drone x5  
  38  4:16  Drone x2  
  47  4:24  Zergling x2  
  47  4:52  Zergling x6  
  50  4:53  Zergling x6  
  52  5:06  Zergling x4  
  51  5:18  Zergling x2  
  51  5:19  Zergling x2  
  53  5:30  Baneling x4  
  53  5:33  Hatchery  
  51  5:40  Baneling x2  
  50  5:51  Zergling x2  
  50  5:52  Zergling x10  
  50  5:53  Zergling x2  
  50  5:55  Lair  
  57  5:57  Spore Crawler  
  56  6:14  Spine Crawler  
  56  6:15  Zergling x10  
  56  6:16  Spine Crawler, Zergling x2  
  58  6:36  Baneling x5  
  51  6:55  Zergling x4  
  51  6:56  Zergling x12  
  51  6:57  Zergling x6  
  53  7:08  Queen, Zergling x8  
  51  7:21  Zergling x2  
  51  7:22  Zergling x4  
  23  7:33  Queen x2  
  23  7:44  Queen  
  23  7:49  Drone x4  
  23  7:50  Drone x5  
  23  7:51  Drone x2  
  29  8:10  Drone  
  29  8:11  Drone x3  
  32  8:20  Drone x2  
  32  8:21  Drone x3  
  37  8:27  Baneling x2  
  37  8:28  Baneling x3  
  37  8:30  Drone  
  38  8:45  Baneling  
  38  8:46  Drone x2  
  38  8:47  Drone x3  
  43  9:01  Spire  
  37  9:11  Zergling x10  
  37  9:12  Zergling x2  
  37  9:13  Zergling x2  
  36  9:20  Zergling x4  
  36  9:21  Zergling x2  
  37  9:31  Baneling  
  37  9:32  Baneling x5  
  37  9:33  Baneling  
  35  9:41  Zergling x8  
  32  10:01  Drone x3  
  32  10:02  Drone  
  36  10:14  Zergling x4  
  36  10:15  Zergling x4  
  40  10:23  Mutalisk x2  
  40  10:25  Mutalisk  
  46  10:30  Extractor  
  46  10:32  Extractor  
  44  10:38  Baneling  
  44  10:40  Spine Crawler  
  42  10:46  Baneling x2  
  37  11:11  Zergling x10  
  39  11:12  Zergling x10  
  44  11:21  Zergling x2  
  44  11:22  Baneling  
  44  11:23  Baneling x4  
  44  11:25  Mutalisk  
  44  11:31  Queen  
  48  11:39  Drone  
  49  11:40  Drone  
  50  12:01  Zergling x6  
  52  12:02  Baneling x5  
  52  12:03  Baneling  
  49  12:39  Hatchery  
  48  12:48  Zergling x2  
  48  12:49  Zergling x6  
  52  12:59  Drone x5  
  52  13:00  Drone  
  52  13:03  Drone  
  59  13:31  Baneling x4  
  59  13:35  Overlord, Drone x3  
  59  13:36  Drone  
  63  13:58  Zergling x4  
  65  14:12  Drone x5  
  65  14:13  Drone x3  
  73  14:24  Spine Crawler  
  73  14:29  Zerg Ground Armor Level 1  
  72  14:34  Baneling x4  
  72  14:35  Baneling x4  
  72  14:44  Infestation Pit  
  71  14:46  Queen  
  73  14:56  Overlord x3  
  69  15:34  Mutalisk x5, Drone  
  80  15:41  Zergling x4  
  80  15:42  Zergling x4  
  84  15:44  Baneling  
  84  15:45  Baneling x5  
  84  15:46  Baneling x2  
  84  15:47  Mutalisk  
  84  15:48  Mutalisk x4  
  94  16:00  Extractor  
  93  16:09  Extractor  
  92  16:14  Hive  
  92  16:26  Evolution Chamber  
  92  16:30  Evolution Chamber  
  90  16:33  Zergling x6  
  90  16:37  Zerg Melee Weapons Level 1  
  94  16:45  Zergling x4  
  96  17:13  Zergling x2  
  96  17:14  Overlord x2  
  96  17:15  Overlord x2  
  97  17:18  Centrifical Hooks  
  97  17:28  Zerg Ground Armor Level 2  
  97  17:36  Ultralisk Cavern  
  96  17:42  Baneling x4  
  96  17:43  Baneling x5  
  96  18:10  Hatchery  
  96  18:29  Zergling x6  
  96  18:30  Zergling x6  
  96  18:33  Ultralisk x3  
  119  18:35  Overlord x3  
  119  18:46  Zergling x2  
  119  18:47  Zergling x8  
  91  18:57  Zergling x4  
  91  18:58  Zergling x10  
  91  18:59  Zergling x2  
  93  19:24  Chitinous Plating  
  93  19:38  Baneling x2  
  93  19:39  Baneling x5  
  93  19:40  Baneling x2  
  93  19:54  Hatchery  
  86  20:12  Ultralisk x2  
  94  20:31  Ultralisk  
  100  20:55  Overseer  
Show
View Real Time Build Order
Export as new Build Order

zidar Zerg 

Build Orders: Pool First 

Get SALT Encoding   

  12  0:02  Drone  
  13  0:12  Overlord  
  13  0:17  Drone  
  14  0:31  Drone x2  
  16  0:43  Spawning Pool  
  16  0:45  Drone  
  16  0:48  Extractor  
  15  0:51  Drone  
  16  1:01  Drone  
  17  1:19  Overlord  
  17  1:30  Hatchery  
  16  1:41  Queen  
  18  2:01  Drone x2  
  20  2:09  Zergling x2  
  20  2:12  Zergling x2  
  22  2:19  Queen  
  24  2:28  Metabolic Boost  
  24  2:43  Zergling x6  
  27  2:55  Hatchery  
  26  3:07  Overlord  
  26  3:09  Drone  
  27  3:15  Roach Warren  
  27  3:16  Zergling x2  
  27  3:17  Zergling x2  
  27  3:19  Overlord  
  28  3:21  Overlord  
  28  3:31  Queen  
  30  3:36  Drone  
  30  3:38  Drone  
  30  3:41  Drone  
  33  3:52  Drone x3  
  33  3:53  Drone  
  37  3:59  Drone x2  
  37  4:02  Drone  
  40  4:05  Drone  
  41  4:21  Drone x7  
  48  4:49  Overlord  
  48  4:50  Overlord x2  
  39  5:13  Zergling x20  
  49  5:20  Extractor  
  48  5:26  Zergling x16  
  56  5:49  Zergling x2  
  52  5:50  Zergling x10  
  57  5:59  Zergling x12  
  57  6:00  Zergling x6  
  57  6:04  Zergling x4  
  68  6:13  Zergling x2  
  68  6:14  Zergling x4  
  71  6:24  Zergling x12  
  71  6:49  Zergling x8  
  71  6:50  Zergling x4  
  62  7:22  Zergling x12  
  37  7:38  Zergling x2  
  37  7:39  Zergling x6  
  32  8:13  Zergling x2  
  32  8:14  Zergling x16  
  41  8:20  Zergling x2  
  41  8:21  Zergling x10  
  41  8:23  Zergling x2  
  41  8:24  Zergling x4  
  50  8:30  Zergling x2  
  50  8:31  Zergling x2  
  50  8:33  Zergling x2  
  53  8:41  Zergling x2  
  53  8:42  Zergling x2  
  53  8:43  Zergling x2  
  53  8:48  Zergling x12  
  57  8:52  Zergling x10  
  47  9:22  Zergling x6  
  47  9:23  Zergling x24  
  51  10:00  Zergling x28  
  64  10:20  Zergling x2  
  64  10:21  Zergling x24  
  28  11:30  Spore Crawler x3  
  28  11:32  Spore Crawler  
  24  11:34  Spore Crawler  
  24  11:35  Zergling x24  
  24  11:36  Spore Crawler, Zergling x20  
  44  11:45  Spore Crawler  
  43  11:47  Spore Crawler x2  
  43  11:48  Spore Crawler  
  43  11:52  Spore Crawler  
  43  11:53  Zergling x16  
  47  12:02  Zergling x4  
  47  12:03  Zergling x6  
  47  12:06  Zergling x2  
  53  12:11  Drone  
  53  12:12  Drone x5  
  37  12:25  Zergling x8  
  41  12:30  Drone x3  
  41  12:31  Drone x2  
  41  12:42  Drone x7  
  45  12:53  Drone x2  
  45  12:54  Drone  
  48  13:16  Extractor  
  48  13:18  Extractor  
  46  13:30  Drone x8  
  46  13:31  Drone x5  
  59  13:40  Spore Crawler  
  58  13:47  Spore Crawler  
  58  13:48  Spore Crawler  
  56  13:49  Spore Crawler  
  56  13:51  Spore Crawler, Drone x5  
  59  14:03  Lair  
  59  14:14  Drone x11  
  70  14:23  Overlord x2  
  70  14:24  Overlord x2  
  70  14:32  Roach x2  
  74  14:47  Drone  
  74  14:48  Drone x2  
  74  14:49  Drone x5  
  68  15:23  Hatchery  
  67  15:35  Hydralisk Den  
  66  15:49  Roach x17  
  104  15:50  Roach x2  
  104  16:21  Overlord x4  
  104  16:22  Overlord  
  104  16:41  Hydralisk x5  
  104  16:42  Hydralisk x8  
  130  16:54  Glial Reconstitution  
  130  16:56  Muscular Augments  
  123  17:31  Hydralisk x11  
  145  18:08  Overlord x3  
  145  18:09  Overlord  
  145  18:10  Hatchery  
  54  19:19  Hydralisk  
  54  19:20  Hydralisk x10  
  54  19:22  Hydralisk  
  78  19:34  Hydralisk  
  78  19:35  Hydralisk  
  82  19:44  Hydralisk x2  
  58  20:38  Hydralisk x10  
  78  20:46  Drone x3  
  81  21:04  Hydralisk x2  
  81  21:05  Hydralisk  
Tags
 
Add a new tag
Caveats
  • Supply blocks, unpowered buildings, or Contaminate may cause inaccurate times.
  • Supply counts are checked every 10 seconds.